 Dungeon Crawl Stone Soup version 0.30-a0-726-gd89dcf765f (webtiles) character file.

Game seed: 13293147118642927821

450 avis the Shooter (level 6, -5/51 HPs)
             Began as a Demigod Hunter on Jan 30, 2023.
             Slain by a vampire mosquito (8 damage)
             ... on level 4 of the Dungeon.
             The game lasted 00:19:31 (3744 turns).

avis the Shooter (Demigod Hunter)                   Turns: 3744, Time: 00:19:31

Health: -5/51      AC: 11    Str: 11 (12) XL:     6   Next: 45%
Magic:  8/8        EV: 13    Int:  8 (11) God:
Gold:   287        SH:  0    Dex: 22 (25) Spells: 5/5 levels left

rFire   + . .      SeeInvis .    b - +1 rapier (venom)
rCold   . . .      Faith    .    (no shield)
rNeg    . . .      Spirit   .    D - +3 leather armour "Earthly Heaven" {rF+}
rPois   +          Reflect  .    p - +0 helmet
rElec   .          Harm     .    (no cloak)
rCorr   .          Rampage  .    F - +1 pair of gloves
Will    .....                    l - +1 pair of boots
Stlth   ++                       G - amulet of the acrobat
HPRegen 0.28/turn                g - ring of poison resistance
MPRegen 0.11/turn                (no ring)

@: no status effects
A: high MP 1, forlorn, divine attributes
a: no special abilities


You were on level 4 of the Dungeon.
You visited 1 branch of the dungeon, and saw 5 of its levels.

You collected 287 gold pieces.

Inventory:

Hand Weapons
 a - a +0 shortbow
 b - a +1 rapier of venom (weapon)
 k - a +0 dagger
 y - a +1 hand axe of venom
 E - a +3 flail
 L - a +0 dagger of electrocution
Missiles
 h - 17 poisoned darts
Armour
 c - a +0 leather armour
 l - a +1 pair of boots (worn)
 p - a +0 helmet (worn)
 q - a +0 robe of fire resistance
 D - the +3 leather armour "Earthly Heaven" (worn) {rF+}
   (You found it on level 4 of the Dungeon)

   rF:        It protects you from fire.
 F - a +1 pair of gloves (worn)
 I - a +2 leather armour of cold resistance
Jewellery
 g - a ring of poison resistance (left hand)
 o - an amulet of guardian spirit
 G - an amulet of the acrobat (around neck)
Wands
 v - a wand of mindburst (13)
 J - a wand of roots (9)
 K - a wand of flame (28)
Scrolls
 e - 4 scrolls of noise {unknown}
 j - a scroll of amnesia {unknown}
 m - 4 scrolls of identify {unknown}
 r - a scroll of magic mapping {unknown}
 t - 4 scrolls of blinking {unknown}
 w - 4 scrolls of immolation
 x - a scroll of brand weapon {unknown}
 C - a scroll of poison {unknown}
 H - a scroll of teleportation {unknown}
Potions
 f - a potion of haste {unknown}
 i - a potion of lignification {unknown}
 n - a potion of invisibility {unknown}
 s - a potion of flight {unknown}
 z - a potion of ambrosia {unknown}
 A - a potion of curing {unknown}
 B - 2 potions of degeneration
Miscellaneous
 u - a piece from Xom's chessboard (15/15)


   Skills:
 - Level 3.0 Fighting
 - Level 6.0 Ranged Weapons
 * Level 3.5 Dodging
 - Level 2.0 Stealth


You had 5 spell levels left.
You didn't know any spells.
Your spell library contained the following spells:

 Spells                   Type           Power      Damage    Failure   Level
 Ignite Poison            Fire/Tmut/Pois 0%         N/A       86%         3
 Kindle Blastsparks       Fire/Tloc/Air  0%         2d10      86%         3
 Freezing Cloud           Conj/Ice/Air   0%         6-21      100%        5


Dungeon Overview and Level Annotations

Branches:
Dungeon (5/15)
 Temple: D:4-7

Shops:
D:1 =


Innate Abilities, Weirdness & Mutations

You have an increased reservoir of magic. (+10% MP)
You shall have no god before yourself.
Your divine heritage dramatically boosts your attributes as you level up.


Message History

The vampire mosquito is severely damaged.
The vampire mosquito bites you but does no damage.
The vampire mosquito bites you!
The vampire mosquito draws strength from your injuries!
The vampire mosquito bites you but does no damage.
You hit the vampire mosquito.
The vampire mosquito is severely damaged.
The vampire mosquito barely misses you. x2
You hit the vampire mosquito.
The vampire mosquito is almost destroyed.
The vampire mosquito misses you. The vampire mosquito bites you.
The vampire mosquito draws strength from your injuries!
You closely miss the vampire mosquito.
The vampire mosquito is almost destroyed.
The vampire mosquito bites you!
* * * LOW HITPOINT WARNING * * *
The vampire mosquito draws strength from your injuries!
The vampire mosquito misses you.
You miss the vampire mosquito.
The vampire mosquito is heavily damaged.
The vampire mosquito barely misses you.
The vampire mosquito bites you but does no damage. x2
You hit the vampire mosquito but do no damage.
The vampire mosquito is heavily damaged.
The vampire mosquito bites you!
* * * LOW HITPOINT WARNING * * *
The vampire mosquito draws strength from your injuries!
The vampire mosquito bites you.
* * * LOW HITPOINT WARNING * * *
The vampire mosquito draws strength from your injuries!
It was a potion of degeneration.
There was something very wrong with that liquid.
You feel weakened.
You feel dopey.
You feel clumsy.
The vampire mosquito completely misses you.
The vampire mosquito bites you.
* * * LOW HITPOINT WARNING * * *
The vampire mosquito draws strength from your injuries!
It was a potion of cancellation.
You feel magically purged. The vampire mosquito barely misses you.
The vampire mosquito bites you!
You die...

#..# ##...........##.......###
###.####..##.##.##..[.)........#
.##...##.###.##.##..[##).......#
.........# #..>.##...##........#
........####.#..#...###........##
........# #..#.....#########..).#
........###.......)...# #.....
.......###...##.#.)##.# #..)#.
.##...###...###.@y.##.# ##..>.
########...## #..#..#.# ##...
#..## #..##.#.## #.... ####
#..##....## #.... #..#####..##
#.... #..# #...## ##).. #..#
##...# ##... #..# #...# #....
##.# #...# #....


You could see a vampire mosquito.

Vanquished Creatures
  An ogre (D:4)
  2 orc priests
  2 hounds
  2 iguanas (D:4)
  Ijyb (D:4)
  Terence (D:3)
  4 adders (D:4)
  3 gnolls (D:4)
  3 dart slugs
  12 orcs
  10 ball pythons
  4 bats
  2 endoplasms
  A giant cockroach (D:1)
  4 goblins
  4 hobgoblins
  4 jackals (D:3)
  5 quokkas
  2 frilled lizards
  6 kobolds
  2 rats (D:1)
  2 butterflies (D:3)
77 creatures vanquished.

Notes
Turn   | Place    | Note
-------+----------+-------------------------------------------
     0 | D:1      | avis the Demigod Hunter began the quest for the Orb.
     0 | D:1      | Reached XP level 1. HP: 17/17 MP: 3/3
   168 | D:1      | Reached skill level 4 in Ranged Weapons
   244 | D:1      | Reached XP level 2. HP: 24/24 MP: 4/4
   750 | D:1      | Found Ocouv's Jewellery Shoppe.
  1898 | D:2      | Reached XP level 3. HP: 29/29 MP: 5/5
  1935 | D:3      | Noticed Terence
  2129 | D:3      | Reached skill level 1 in Stealth
  2363 | D:3      | Reached XP level 4. HP: 36/36 MP: 6/6
  2759 | D:3      | Killed Terence
  2889 | D:4      | Reached XP level 5. HP: 45/45 MP: 7/7
  3007 | D:4      | Identified the +3 leather armour "Earthly Heaven" {rF+}
  3032 | D:4      | Reached skill level 5 in Ranged Weapons
  3246 | D:4      | Noticed an ogre
  3262 | D:4      | Killed an ogre
  3263 | D:4      | Reached XP level 6. HP: 36/51 MP: 4/8
  3508 | D:4      | Reached skill level 6 in Ranged Weapons
  3640 | D:4      | Noticed Ijyb
  3648 | D:4      | Killed Ijyb
  3719 | D:5      | Entered Level 5 of the Dungeon
  3719 | D:5      | Noticed a vampire mosquito
  3743 | D:4      | HP: 2/51 [vampire mosquito (3)]
  3744 | D:4      | Slain by a vampire mosquito

Illustrated notes

Levels and vault maps discovered:
D:1:      spicycebolla_arrival_ecumenical, layout_basic, serial_shops, shop
D:2:      layout_basic, basic_altar, grunt_ministairs_7, hex_large
D:3:      layout_basic, xom_butterflies, uniq_terence
D:4:      layout_rooms, uniq_ijyb
D:5:      layout_cave_pools, minmay_temple_entry_gardened_gates, hex_medium,
          minmay_manual_mess

Skill      XL: |  1  2  3  4  5  6 |
---------------+-------------------+-----
Fighting       | 2 3 |  3.0
Ranged Weapons | 4 5 6 |  6.0
Dodging        | 2 3 |  3.5
Stealth        | 2 |  2.0

Action                     |  1- 3 |  4- 6 || total
---------------------------+-------+-------++-------
  Melee: Rapier            |       |    56 ||    56
   Fire: Shortbow          |    99 |    74 ||   173
    Use: Potion            |       |     2 ||     2
 Armour: Leather armour    |     7 |    28 ||    35
  Dodge: Dodged            |    39 |    64 ||   103

Table legend: (Time is in decaauts)
 A = Elapsed time spent in this place.
 B = Non-inter-level travel time spent in this place.
 C = Inter-level travel time spent in this place.
 D = Time resting spent in this place.
 E = Time spent auto-exploring this place.
 F = Levels seen in this place.
 G = Mean time per level.
                   A        B        C        D        E       F      G
               +--------+--------+--------+--------+--------+-----+--------+
         Total |   3806 |   3227 |    579 |    247 |   2055 |   5 |  761.2 |
       Dungeon |   3806 |   3227 |    579 |    247 |   2055 |   5 |  761.2 |
               +--------+--------+--------+--------+--------+-----+--------+

Top non-repeatable levels by time:
     D:1: 1144 daAuts
     D:2: 1083 daAuts
     D:4: 795 daAuts
     D:3: 779 daAuts
     D:5: 4 daAuts
